 Dungeon Sprint DCSS version 0.16-a0-3661-g910cf96 (webtiles) character file.

776466 BluebellGnoll the Talismancer (level 26, 308/308 HPs)
             Began as a Deep Dwarf Hunter on Jan 17, 2015.
             Was the Champion of Makhleb.
             Escaped with the Orb!
             The game lasted 02:19:38 (5531 turns).

BluebellGnoll the Talismancer (Deep Dwarf Hunter)   Turns: 5531, Time: 02:19:38

Health: 308/308    AC: 57    Str: 24    XL:     26   Next: 37%
Magic:  20/20      EV: 35    Int: 12    God:    Makhleb [******]
Gold:   2440       SH: 31    Dex: 32    Spells: 0 memorised, 25 levels left

rFire  + + +     SeeInvis +     q - +8 broad axe (flame)
rCold  + + +     Clarity  .     I - +12 gold dragon armour
rNeg   + + .     SustAb   .     s - +3 large shield of the Thunderstorm {rC+ Int+3}
rPois  +         Gourm    +     G - +1 helmet {SInv}
rElec  +         Spirit   .     Z - +4 dragonskin cloak
rCorr  +         Warding  .     B - +4 pair of gloves of Polytheism {rElec rF++ Str+2 Int-3}
rMut   .         NoTele   +     C - +1 pair of boots of Gluttony {rPois+}
MR     ++...                    P - amulet of Ytiloal {Gourm HP+9 MP+9 Int-2 Dex+2}
Stlth  ..........               w - ring of the Magpie {MR+ HP+9 Str-2 Dex+3 Slay+6 Stlth+}
                                z - ring of Pride {Contam rPois+ MR+ MP+9 Str+3 Dex+4}

@: agile, silence, resistant, vulnerable, quad damage, very slightly
contaminated, non-regenerating, hasted (expiring), glowing, very quick, very
resistant to hostile enchantments, extremely unstealthy
A: damage resistance, recharge devices, negative energy resistance 1, sense
surroundings 3, slow healing 3
a: Device Recharging, Renounce Religion
0: Orb of Zot
}: 6/15 runes: serpentine, barnacled, slimy, elven, silver, glowing


You escaped.
You worshipped Makhleb.
Makhleb was exalted by your worship.
You were not hungry.

You visited 1 branch You collected 19870 gold pieces.
You spent 17430 gold pieces at shops.

Inventory:

Hand weapons
 q - a +8 broad axe of flaming (weapon)
Missiles
 b - 6 javelins (quivered)
 c - 2 throwing nets
 v - 3 tomahawks
Armour
 s - the +3 large shield of the Thunderstorm (worn) {rC+ Int+3}
   (You bought it in a shop in the Dungeon)

   It affects your intelligence (+3).
   It protects you from cold.
 t - the +1 helmet of the Bard {+Twstr Int-3 Stlth+}
   (You bought it in a shop in the Dungeon)

   It affects your intelligence (-3).
   It can be evoked to create a twister.
   It makes you more stealthy.
 B - the +4 pair of gloves of Polytheism (worn) {rElec rF++ Str+2 Int-3}
   (You bought it in a shop in the Dungeon)

   It affects your strength (+2).
   It affects your intelligence (-3).
   It greatly protects you from fire.
   It insulates you from electricity.
 C - the +1 pair of boots of Gluttony (worn) {rPois+}
   (You bought it in a shop in the Dungeon)

   It protects you from poison.
 G - a +1 helmet of see invisible (worn)
 H - a +1 cloak of poison resistance
 I - a +12 gold dragon armour (worn)
 W - the +0 cloak of the Apprentice {rF- rC- Regen+ rCorr Str+4 Int+3 Dex-4}
   (You bought it in a shop in the Dungeon)

   It affects your strength (+4).
   It affects your intelligence (+3).
   It affects your dexterity (-4).
   It makes you vulnerable to fire.
   It makes you vulnerable to cold.
   It increases your rate of regeneration.
   It protects you from acid and corrosion.
 Z - the +4 dragonskin cloak (worn)
   (You took it off Tiamat in the Dungeon)
Rods
 J - a +7 lightning rod (15/16)
   (You bought it in a shop in the Dungeon)
Jewellery
 a - the amulet of Threff {Regen+ Dex+2 SInv}
   (You bought it in a shop in the Dungeon)

   [amulet of regeneration]

   It affects your dexterity (+2).
   It enhances your eyesight.
   It increases your rate of regeneration.
 r - the ring "Maeju" {Wiz rN+ HP+9 Str+4 Dex-2 Stlth+}
   (You bought it in a shop in the Dungeon)

   [ring of wizardry]

   It improves your spell success rate.
   It affects your strength (+4).
   It affects your dexterity (-2).
   It protects you from negative energy.
   It affects your health (+9).
   It makes you more stealthy.
 w - the ring of the Magpie (right hand) {MR+ HP+9 Str-2 Dex+3 Slay+6 Stlth+}
   (You bought it in a shop in the Dungeon)

   [ring of protection from magic]

   It affects your strength (-2).
   It affects your dexterity (+3).
   It affects your accuracy and damage with ranged weapons and melee attacks
   (+6).
   It affects your resistance to hostile enchantments.
   It affects your health (+9).
   It makes you more stealthy.
 x - the ring "Guopoh" {rPois- rF+ rC+ Str+4 Dex+2}
   (You bought it in a shop in the Dungeon)

   [ring of dexterity]

   It affects your strength (+4).
   It affects your dexterity (+2).
   It protects you from fire.
   It protects you from cold.
   It protects you from poison.
 y - the ring "Iqaiggux" {HP+9 MP+9 SInv}
   (You bought it in a shop in the Dungeon)

   [ring of magical power]

   It affects your health (+9).
   It affects your magic capacity (+9).
   It enhances your eyesight.
 z - the ring of Pride (left hand) {Contam rPois+ MR+ MP+9 Str+3 Dex+4}
   (You bought it in a shop in the Dungeon)

   [ring of magical power]

   It affects your strength (+3).
   It affects your dexterity (+4).
   It protects you from poison.
   It affects your resistance to hostile enchantments.
   It affects your magic capacity (+9).
   It causes magical contamination when unequipped.
 E - the amulet "Praheoduthro" {-Cast +Rage rF- rC++ rN+ MR+ HP+9 SInv}
   (You bought it in a shop in the Dungeon)

   [amulet of rage]

   It makes you vulnerable to fire.
   It greatly protects you from cold.
   It protects you from negative energy.
   It affects your resistance to hostile enchantments.
   It affects your health (+9).
   It enhances your eyesight.
   It lets you go berserk.
   It prevents spellcasting.
 N - the amulet "Scheps" {Ward Noisy rC+ rN+ MR+}
   (You bought it in a shop in the Dungeon)

   [amulet of warding]

   It may prevent the melee attacks of summoned creatures.
   It protects you from cold.
   It protects you from negative energy.
   It affects your resistance to hostile enchantments.
   It may make noises in combat.
 P - the amulet of Ytiloal (around neck) {Gourm HP+9 MP+9 Int-2 Dex+2}
   (You bought it in a shop in the Dungeon)

   [amulet of the gourmand]

   It allows you to eat raw meat even when not hungry.
   It affects your intelligence (-2).
   It affects your dexterity (+2).
   It affects your health (+9).
   It affects your magic capacity (+9).
 U - the ring of Darkness {rN+ Slay+6}
   (You bought it in a shop in the Dungeon)

   [ring of positive energy]

   It affects your accuracy and damage with ranged weapons and melee attacks
   (+6).
   It protects you from negative energy.
 V - the ring "Kudduf" {SustAb rElec Str+2}
   (You bought it in a shop in the Dungeon)

   [ring of sustain abilities]

   It sustains your strength, intelligence and dexterity.
   It affects your strength (+2).
   It insulates you from electricity.
Magical devices
 d - a wand of disintegration (1)
 e - a wand of heal wounds (3)
 m - a wand of cold (8)
 n - a wand of fire (5)
 F - a wand of invisibility (5)
 L - a wand of lightning (3)
 M - a wand of flame (16)
 T - a wand of slowing (12)
Scrolls
 l - 10 scrolls of blinking
 o - 8 scrolls of fog
 D - 3 scrolls of identify
 R - 6 scrolls of recharging
 S - 3 scrolls of silence
Potions
 g - 13 potions of curing
 h - 11 potions of heal wounds
 i - 13 potions of haste
 j - 2 potions of magic
 k - 6 potions of berserk rage
 p - 5 potions of resistance
 A - a potion of flight
 K - 4 potions of might
 O - a potion of cancellation
 Q - 4 potions of agility
 X - a potion of cure mutation
Comestibles
 f - a bread ration


   Skills:
 O Level 27 Fighting
 + Level 25.8 Axes
 - Level 3.6 Throwing
 O Level 27 Armour
 O Level 27 Dodging
 - Level 1.2 Stealth
 O Level 27 Shields
 - Level 17.9 Invocations
 O Level 27 Evocations


You had 25 spell levels left.
You didn't know any spells.

Dungeon Overview and Level Annotations

Branches:
Dungeon (1/1)

Altars:
Cheibriados
Dithmenos
Elyvilon
Fedhas
Gozag
Kikubaaqudgha
Makhleb
Nemelex Xobeh
Okawaru
Qazlal
Ru
Sif Muna
Trog
Vehumet
Xom
Yredelemnul
Zin
The Shining One
Jiyva
Lugonu

Shops:
D [%??*?*:[((!!!!


Innate Abilities, Weirdness & Mutations

You are resistant to damage.
You can recharge devices by infusing magical energy.
You resist negative energy.
You passively map a large area around you.
You do not heal naturally.


Message History

Drink which item? (? for menu, Esc to quit)
It has a very clean taste.
You feel a little more calm.
Drink which item? (? for menu, Esc to quit)
You feel protected.
You feel a little less mighty now.
Drink which item? (? for menu, Esc to quit)
You feel much better.
Drink which item? (? for menu, Esc to quit)
You feel much better.
Read which item? (? for menu, Esc to quit)
As you read the scroll of silence, it crumbles to dust.
A profound silence engulfs you.
Evoke which item? (* to show all) (? for menu, Esc to quit)
That item cannot be evoked!
Unknown command.
Evoke which item? (* to show all) (? for menu, Esc to quit)
QUAD DAMAGE!
YOU START WAITING.
YOUR EXTRA SPEED IS STARTING TO RUN OUT.
YOU HAVE ESCAPED!

#_...)....# ###.....[.[)###
#⌠....)..|..(⌠#
######.8...(([.((8.######
##∩___.)......#).)....__∩##
###=.)......8[..#.8[[......∩###
##..........[..#.#.....§.......##
#⌠..)......[###...###..[)......⌠#
#⌠....[.[..)# #.@.# #(....[.)[.⌠#
#⌠.........)###..)###.(.......)⌠#
##...........).###...(.........##
###∩.....)..8.# #.8........∩###
##∩_._......###[(....___∩##
######.8.[..[).).8.######
#⌠........)))⌠# ###.[.....[[###
#_...))...#


There were no monsters in sight!

Vanquished Creatures
  Mnoleg (D)
  Tiamat (D)
  Mara (D)
  An orb of fire (D)
  2 ancient liches (D)
  A pandemonium lord (D)
  Fannar (D)
  A Killer Klown (D)
  3 pearl dragons (D)
  An electric golem (D)
  20 tentacled monstrosities (D)
  A Brimstone Fiend (D)
  An Ice Fiend (D)
  14 Orb Guardians (D)
  A deep elf master archer (D)
  An eldritch tentacle (D)
  A shadow dragon (shapeshifter) (D)
  A storm dragon (D)
  6 daevas (D)
  A merfolk avatar (D)
  2 azure jellies (D)
  2 emperor scorpions (D)
  A ghost moth (D)
  3 draconian scorchers (D)
  A balrug (D)
  An angel (D)
  2 deep elf sorcerers (D)
  A draconian annihilator (D)
  A draconian shifter (D)
  2 ophanim (D)
  2 grey draconians (D)
  2 deep elf demonologists (D)
  A vampire knight (D)
  A green draconian (D)
  An anaconda (D)
  2 mottled draconians (D)
  2 red draconians (D)
  2 apis (D)
  2 white draconians (D)
  11 lorocyprocas (D)
  3 deep elf annihilators (D)
  A pale draconian (D)
  A yellow draconian (D)
  A green death (D)
  An eidolon (D)
  2 deep elf death magi (D)
  Josephine (D)
  A great orb of eyes (shapeshifter) (D)
  4 spriggan air magi (D)
  A death knight (D)
  3 soul eaters (D)
  2 alligators (D)
  5 sun demons (D)
  2 hell hogs (D)
  A deep elf knight (D)
  A skeletal warrior (D)
  2 shadow wraiths (D)
  A flayed ghost (D)
  4 ball lightnings (D)
  2 gelid demonspawn (D)
  A swamp dragon (shapeshifter) (D)
  A giant orange brain (D)
  2 cherubim (D)
  8 hill giants (D)
  2 deep elf summoners (D)
  A hill giant (shapeshifter) (D)
  A shadow demon (D)
  15 ugly things (D)
  4 wolf spiders (D)
  2 deep elf conjurers (D)
  A mana viper (shapeshifter) (D)
  3 orb spiders (D)
  A hornet (shapeshifter) (D)
  A manticore (shapeshifter) (D)
  A shining eye (D)
  2 moths of wrath (shapeshifter) (D)
  4 moths of wrath (D)
  A draconian (shapeshifter) (D)
  A sixfirhy (D)
  15 smoke demons (D)
  A toenail golem (D)
  A black mamba (D)
  An elf zombie (D)
  2 rust devils (D)
  9 large abominations (D)
  A torpor snail (shapeshifter) (D)
  An orange demon (D)
  2 hellions (D)
  A yaktaur (shapeshifter) (D)
  3 hellwings (D)
  A spiny frog (D)
  2 golden dragon simulacra (D)
  An efreet (D)
  A deep elf priest (D)
  2 red devils (D)
  A silent spectre (D)
  A fire drake (D)
  A wind drake (shapeshifter) (D)
  A slime creature (shapeshifter) (D)
  3 blue devils (D)
  2 wind drakes (D)
  3 stone giant simulacra (D)
  A boulder beetle (D)
  A blink frog (shapeshifter) (D)
  3 slime creatures (D)
  A shadow (D)
  A flying skull (D)
  A fire bat (D)
  2 water elementals (D)
  2 air elementals (D)
  A wraith (D)
  2 deep elf fighters (D)
  A fire elemental (D)
  A vampire mosquito (D)
  3 nagas (D)
  3 insubstantial wisps (D)
  A hell hound (D)
  3 mottled dragons (D)
  3 hydra simulacra (D)
  A mottled dragon (shapeshifter) (D)
  2 water moccasins (D)
  3 ice beasts (D)
  A phantom (D)
  2 orc warriors (D)
  5 eyes of draining (D)
  3 swamp drakes (D)
  A scorpion (D)
  A wight (D)
  8 jellies (D)
  2 spriggan simulacra (D)
  An adder (D)
  5 ogre simulacra (D)
  6 giant eyeballs (D)
  4 oozes (D)
  4 orcs (D)
  A ball python (D)
  A ball python skeleton (D)
  A giant gecko zombie (D)
  A quokka zombie (D)
  A rat (D)
333 creatures vanquished.

Vanquished Creatures (collateral kills)
  An orb of fire (D)
  2 tentacled monstrosities (D)
  A ghost moth (D)
  A draconian zealot (D)
  An angel (D)
  A draconian annihilator (D)
  2 lorocyprocas (D)
  A mottled draconian (D)
  2 great orbs of eyes (D)
  An eye of draining (D)
13 creatures vanquished.

Vanquished Creatures (others)
  2 Executioners (D)
  2 cacodemons (D)
  3 balrugs (D)
  A deep elf demonologist (D)
  2 blizzard demons (D)
  7 ball lightnings (D)
  A hellwing (D)
  A blue devil (D)
  A lost soul (D)
  20 eldritch tentacle segments (D)
40 creatures vanquished.

Grand Total: 386 creatures vanquished

Notes
Turn   | Place    | Note
--------------------------------------------------------------
     0 | D        | BluebellGnoll, the Deep Dwarf Hunter, began the quest for the Orb.
     0 | D        | Reached XP level 1. HP: 19/19 MP: 1/1
     1 | D        | Found a basalt altar of Yredelemnul.
     2 | D        | Found a radiant altar of Vehumet.
     2 | D        | Found a bloodstained altar of Trog.
     3 | D        | Found a blossoming altar of Fedhas.
     3 | D        | Found a stormy altar of Qazlal.
     4 | D        | Found Shumeoghoe's Bottled Wisdom.
     4 | D        | Found Udiet's Do-It-Yourself Clinic.
     4 | D        | Found a shimmering altar of Xom.
     5 | D        | Found Necuek's Distillery.
     5 | D        | Found a corrupted altar of Lugonu.
     5 | D        | Found Mierik's Distillery.
     5 | D        | Round 1.
     7 | D        | Found a viscous altar of Jiyva.
     8 | D        | Found an opulent altar of Gozag.
    13 | D        | Found Tryafour's Weapon Rack.
    14 | D        | Found Pait's Basic Armour.
    17 | D        | Found a sacrificial altar of Ru.
    18 | D        | Found a glowing silver altar of Zin.
    18 | D        | Found Soqaocsi's Miscellaneous Merchandise.
    19 | D        | Found an ancient bone altar of Kikubaaqudgha.
    20 | D        | Found Pyquutit's Premium Goods.
    22 | D        | Bought a +0 broad axe for 120 gold pieces
    32 | D        | Found a deep blue altar of Sif Muna.
    34 | D        | Found a shadowy altar of Dithmenos.
    35 | D        | Found Dabiddepp's Identification Station.
    36 | D        | Found Goaferat's Advanced Armour.
    36 | D        | Found a snail-covered altar of Cheibriados.
    37 | D        | Found a sparkling altar of Nemelex Xobeh.
    37 | D        | Found a white marble altar of Elyvilon.
    38 | D        | Found Thice's Jewellery.
    38 | D        | Found Xeredaall's Bee Food.
    40 | D        | Found an iron altar of Okawaru.
    41 | D        | Found a burning altar of Makhleb.
    41 | D        | Found a glowing golden altar of the Shining One.
    42 | D        | Found Foanwex's Magic Scroll Shop.
    43 | D        | Noticed a jelly
    43 | D        | Found Mavil's Magic Scroll Shop.
    47 | D        | Found Puodu Sag's Must-Have Magic.
    49 | D        | Became a worshipper of Makhleb the Destroyer
    51 | D        | Killed a jelly
    51 | D        | Reached skill level 8 in Evocations
    51 | D        | Reached XP level 2. HP: 26/26 MP: 2/4
    51 | D        | Reached XP level 3. HP: 32/32 MP: 3/7
    62 | D        | Bought a scorched pewter amulet for 45 gold pieces
    62 | D        | Identified the amulet of Threff {Regen+ Dex+2 SInv} (You bought it in a shop in the Dungeon)
    92 | D        | Found Clamauce's Staff Store.
    98 | D        | Acquired Makhleb's first power
   107 | D        | Acquired Makhleb's second power
   107 | D        | Arena points: 12 (+12) [x2]
   107 | D        | Reached skill level 10 in Evocations
   114 | D        | Bought an ancient platinum ring for 45 gold pieces
   114 | D        | Identified the ring "Maeju" {Wiz rN+ HP+9 Str+4 Dex-2 Stlth+} (You bought it in a shop in the Dungeon)
   157 | D        | Round 2.
   250 | D        | Reached XP level 4. HP: 38/39 MP: 9/9
   257 | D        | Noticed an orc warrior
   262 | D        | Killed an orc warrior
   262 | D        | Reached XP level 5. HP: 45/45 MP: 12/12
   275 | D        | Noticed an orc warrior
   280 | D        | Acquired Makhleb's third power
   284 | D        | Killed an orc warrior
   284 | D        | Arena points: 54 (+42) [x3]
   284 | D        | Reached skill level 10 in Axes
   299 | D        | Round 3.
   303 | D        | Acquired Makhleb's fourth power
   342 | D        | Noticed a naga
   343 | D        | Killed a naga
   343 | D        | Reached skill level 11 in Evocations
   343 | D        | Reached XP level 6. HP: 45/52 MP: 11/13
   410 | D        | Noticed a black mamba
   416 | D        | HP: 2/61 [black mamba (8)]
   417 | D        | Killed a black mamba
   417 | D        | Reached skill level 14 in Evocations
   417 | D        | Reached XP level 7. HP: 12/58 MP: 14/17
   421 | D        | Acquired Makhleb's fifth power
   427 | D        | Arena points: 138 (+84) [x4]
   427 | D        | Reached skill level 15 in Evocations
   475 | D        | Bought a faintly glowing granite ring for 45 gold pieces
   475 | D        | Bought a scorched ivory ring for 45 gold pieces
   475 | D        | Identified the ring of the Magpie {MR+ HP+9 Str-2 Dex+3 Slay+6 Stlth+} (You bought it in a shop in the Dungeon)
   477 | D        | Identified the ring "Guopoh" {rPois- rF+ rC+ Str+4 Dex+2} (You bought it in a shop in the Dungeon)
   479 | D        | Bought a slimy glass ring for 45 gold pieces
   479 | D        | Bought a glittering lead ring for 45 gold pieces
   479 | D        | Identified the ring "Iqaiggux" {HP+9 MP+9 SInv} (You bought it in a shop in the Dungeon)
   481 | D        | Identified the ring of Pride {Contam rPois+ MR+ MP+9 Str+3 Dex+4} (You bought it in a shop in the Dungeon)
   496 | D        | Round 4.
   518 | D        | Arena points: 298 (+160) [x5]
   518 | D        | Reached skill level 16 in Evocations
   518 | D        | Reached XP level 8. HP: 66/66 MP: 19/19
   571 | D        | Round 5.
   573 | D        | Noticed a giant anaconda
   582 | D        | Killed a giant anaconda
   582 | D        | Arena points: 543 (+245) [x7]
   582 | D        | Reached skill level 19 in Evocations
   583 | D        | Got a serpentine rune of Zot
   588 | D        | Gained mutation: You passively map the area around you. [level up]
   588 | D        | Reached XP level 9. HP: 55/84 MP: 20/20
   599 | D        | Bought a transparent large shield for 332 gold pieces
   604 | D        | Identified the +3 large shield of the Thunderstorm {rC+ Int+3} (You bought it in a shop in the Dungeon)
   754 | D        | Round 6.
   759 | D        | Reached skill level 20 in Evocations
   759 | D        | Reached XP level 10. HP: 65/92 MP: 22/22
   788 | D        | Noticed an alligator
   789 | D        | Killed an alligator
   789 | D        | Reached skill level 21 in Evocations
   796 | D        | Reached skill level 22 in Evocations
   839 | D        | Noticed an alligator
   842 | D        | Killed an alligator
   842 | D        | Reached skill level 23 in Evocations
   884 | D        | Arena points: 975 (+432) [x8]
   895 | D        | Bought a pair of bloodstained gloves for 332 gold pieces
   900 | D        | Identified the +4 pair of gloves of Polytheism {rElec rF++ Str+2 Int-3} (You bought it in a shop in the Dungeon)
   923 | D        | Bought 4 potions of curing for 84 gold pieces
   954 | D        | Round 7.
  1001 | D        | Reached skill level 24 in Evocations
  1042 | D        | Arena points: 1542 (+567) [x9]
  1061 | D        | Bought a pair of faintly humming boots for 332 gold pieces
  1066 | D        | Identified the +1 pair of boots of Gluttony {rPois+} (You bought it in a shop in the Dungeon)
  1108 | D        | Round 8.
  1112 | D        | Noticed a sixfirhy
  1112 | D        | Killed a sixfirhy
  1115 | D        | Reached skill level 25 in Evocations
  1148 | D        | Noticed a rust devil
  1151 | D        | Killed a rust devil
  1151 | D        | Reached XP level 11. HP: 98/98 MP: 24/24
  1224 | D        | Noticed a sun demon
  1239 | D        | Killed a sun demon
  1239 | D        | Reached skill level 26 in Evocations
  1241 | D        | Arena points: 2262 (+720) [x10]
  1247 | D        | Bought 3 scrolls of identify for 150 gold pieces
  1262 | D        | Bought a scroll of brand weapon for 200 gold pieces
  1302 | D        | Round 9.
  1303 | D        | Reached skill level 1 in Shields
  1303 | D        | Reached skill level 27 in Evocations
  1325 | D        | Noticed Josephine
  1328 | D        | Killed Josephine
  1373 | D        | Reached skill level 5 in Invocations
  1393 | D        | Reached skill level 5 in Shields
  1409 | D        | Arena points: 3153 (+891) [x11]
  1429 | D        | Bought a glittering steel amulet for 45 gold pieces
  1429 | D        | Identified the amulet "Praheoduthro" {-Cast +Rage rF- rC++ rN+ MR+ HP+9 SInv} (You bought it in a shop in the Dungeon)
  1430 | D        | Bought a heavily runed brass amulet for 45 gold pieces
  1430 | D        | Identified the amulet "Ghuog" {Ward rPois+ rN+ MP+9} (You bought it in a shop in the Dungeon)
  1440 | D        | Bought 3 scrolls of identify for 150 gold pieces
  1454 | D        | Round 10.
  1482 | D        | Noticed a dimme
  1495 | D        | Noticed an eldritch tentacle
  1501 | D        | Killed a dimme
  1501 | D        | Arena points: 4453 (+1300) [x13]
  1502 | D        | Got a barnacled rune of Zot
  1524 | D        | Bought 8 scrolls of enchant weapon for 600 gold pieces
  1696 | D        | Round 11.
  1697 | D        | Noticed a ball lightning
  1700 | D        | Killed a ball lightning
  1703 | D        | Noticed a ball lightning
  1705 | D        | Killed a ball lightning
  1745 | D        | Noticed a ball lightning
  1747 | D        | Killed a ball lightning
  1749 | D        | Noticed a ball lightning
  1749 | D        | Noticed a ball lightning
  1752 | D        | Killed a ball lightning
  1753 | D        | Killed a ball lightning
  1790 | D        | Noticed a ball lightning
  1792 | D        | Killed a ball lightning
  1806 | D        | Noticed a ball lightning
  1806 | D        | Killed a ball lightning
  1809 | D        | Noticed a ball lightning
  1809 | D        | Killed a ball lightning
  1809 | D        | Reached skill level 10 in Invocations
  1813 | D        | Noticed a ball lightning
  1815 | D        | Noticed a ball lightning
  1816 | D        | Killed a ball lightning
  1817 | D        | Noticed a ball lightning
  1817 | D        | Killed a ball lightning
  1818 | D        | Killed a ball lightning
  1818 | D        | Arena points: 6301 (+1848) [x14]
  1853 | D        | Bought a bloodstained cloak for 332 gold pieces
  1858 | D        | Identified the +0 cloak of the Apprentice {rF- rC- Regen+ rCorr Str+4 Int+3 Dex-4} (You bought it in a shop in the Dungeon)
  1865 | D        | Bought a fine cloak for 332 gold pieces
  1870 | D        | Identified the +0 cloak of the Eight Eyes {Dex+3} (You bought it in a shop in the Dungeon)
  1878 | D        | Round 12.
  1904 | D        | Reached skill level 10 in Shields
  1907 | D        | Noticed a sun demon
  1912 | D        | Killed a sun demon
  1961 | D        | Noticed a hell hog
  1969 | D        | Killed a hell hog
  1969 | D        | Reached XP level 12. HP: 112/112 MP: 18/18
  2001 | D        | Noticed a hell hog
  2002 | D        | Killed a hell hog
  2002 | D        | Arena points: 8641 (+2340) [x15]
  2021 | D        | Bought a -1 lightning rod (9/9) for 455 gold pieces
  2056 | D        | Round 13.
  2085 | D        | Reached skill level 10 in Fighting
  2104 | D        | Arena points: 11137 (+2496) [x16]
  2124 | D        | Round 14.
  2280 | D        | Arena points: 13755 (+2618) [x17]
  2295 | D        | Bought a +0 gold dragon armour for 960 gold pieces
  2305 | D        | Round 15.
  2305 | D        | Noticed Fannar
  2320 | D        | Killed Fannar
  2320 | D        | Arena points: 16890 (+3135) [x19]
  2320 | D        | Reached skill level 15 in Axes
  2320 | D        | Reached skill level 15 in Shields
  2321 | D        | Got an elven rune of Zot
  2341 | D        | Bought 4 scrolls of enchant armour for 300 gold pieces
  2341 | D        | Bought 4 scrolls of enchant armour for 300 gold pieces
  2361 | D        | Bought 4 scrolls of enchant armour for 300 gold pieces
  2380 | D        | Bought a slimy helmet for 332 gold pieces
  2380 | D        | Identified the +1 helmet of the Bard {+Twstr Int-3 Stlth+} (You bought it in a shop in the Dungeon)
  2382 | D        | Reached skill level 5 in Dodging
  2382 | D        | Reached XP level 13. HP: 123/123 MP: 13/13
  2448 | D        | Bought a coiled brass amulet for 45 gold pieces
  2448 | D        | Bought a vibrating silver amulet for 45 gold pieces
  2448 | D        | Identified the amulet of Ytiloal {Gourm HP+9 MP+9 Int-2 Dex+2} (You bought it in a shop in the Dungeon)
  2451 | D        | Identified the amulet "Scheps" {Ward Noisy rC+ rN+ MR+} (You bought it in a shop in the Dungeon)
  2528 | D        | Round 16.
  2548 | D        | Reached skill level 10 in Armour
  2548 | D        | Gained mutation: You resist negative energy. [level up]
  2548 | D        | Reached XP level 14. HP: 132/132 MP: 13/13
  2613 | D        | Noticed an emperor scorpion
  2617 | D        | Killed an emperor scorpion
  2683 | D        | Noticed an emperor scorpion
  2692 | D        | Killed an emperor scorpion
  2692 | D        | Arena points: 20730 (+3840) [x20]
  2717 | D        | Round 17.
  2752 | D        | Reached skill level 15 in Armour
  2849 | D        | Arena points: 25014 (+4284) [x21]
  2855 | D        | Bought a quad damage for 400 gold pieces
  2880 | D        | Bought 6 potions of might for 168 gold pieces
  2880 | D        | Bought 6 potions of agility for 168 gold pieces
  2880 | D        | Bought 3 potions of haste for 210 gold pieces
  2896 | D        | Round 18.
  2898 | D        | Bought 3 scrolls of recharging for 285 gold pieces
  2984 | D        | Noticed a storm dragon
  2995 | D        | Killed a storm dragon
  3035 | D        | Arena points: 30162 (+5148) [x22]
  3054 | D        | Bought 3 scrolls of recharging for 285 gold pieces
  3054 | D        | Bought 5 scrolls of fog for 100 gold pieces
  3054 | D        | Bought 5 scrolls of blinking for 375 gold pieces
  3085 | D        | Round 19.
  3218 | D        | Noticed a caustic shrike
  3220 | D        | a caustic shrike changed into a stone giant
  3222 | D        | Noticed a shadow dragon
  3222 | D        | a stone giant changed into a shadow dragon
  3227 | D        | Noticed a sphinx
  3227 | D        | a shadow dragon changed into a sphinx
  3230 | D        | Noticed a shadow dragon
  3230 | D        | a sphinx changed into a shadow dragon
  3235 | D        | Killed a shadow dragon
  3243 | D        | Arena points: 37591 (+7429) [x23]
  3247 | D        | Reached XP level 15. HP: 138/138 MP: 7/7
  3267 | D        | Round 20.
  3268 | D        | Noticed Mara
  3274 | D        | Noticed BluebellGnoll's illusion
  3307 | D        | Killed Mara
  3307 | D        | Arena points: 43591 (+6000) [x25]
  3307 | D        | Reached XP level 16. HP: 129/146 MP: 8/8
  3308 | D        | Got a silver rune of Zot
  3323 | D        | Bought a flickering gossamer ring for 45 gold pieces
  3323 | D        | Bought a scintillating jade ring for 45 gold pieces
  3330 | D        | Bought 3 scrolls of identify for 150 gold pieces
  3330 | D        | Identified the ring of Darkness {*Rage rC- Str-4 SInv Stlth+} (You bought it in a shop in the Dungeon)
  3332 | D        | Identified the ring "Kienumpa" {rPois+ rC- Str+2 Int+3 Dex+4 SInv Stlth-} (You bought it in a shop in the Dungeon)
  3346 | D        | Bought a distressingly furry shield for 332 gold pieces
  3346 | D        | Identified the +2 shield "Forget-Me-Not" {+Fly rF+ Dex+3} (You bought it in a shop in the Dungeon)
  3348 | D        | Reached XP level 17. HP: 134/153 MP: 7/7
  3350 | D        | Bought 3 scrolls of identify for 150 gold pieces
  3350 | D        | Bought 3 scrolls of identify for 150 gold pieces
  3350 | D        | Bought 3 scrolls of identify for 150 gold pieces
  3365 | D        | Bought 3 scrolls of silence for 225 gold pieces
  3377 | D        | Bought a crude amber ring for 45 gold pieces
  3377 | D        | Bought a crude tin ring for 45 gold pieces
  3377 | D        | Identified the ring of Uqirgh {rC+ SInv} (You bought it in a shop in the Dungeon)
  3378 | D        | Identified the ring "Kudduf" {SustAb rElec Str+2} (You bought it in a shop in the Dungeon)
  3387 | D        | Bought a glittering wooden ring for 45 gold pieces
  3387 | D        | Bought a faintly glowing steel ring for 45 gold pieces
  3387 | D        | Identified the ring "Thosaboth" {rC+ MR+} (You bought it in a shop in the Dungeon)
  3388 | D        | Identified the ring of Darkness {rN+ Slay+6} (You bought it in a shop in the Dungeon)
  3486 | D        | Round 21.
  3619 | D        | Arena points: 52327 (+8736) [x26]
  3630 | D        | Bought a dazzling hat for 315 gold pieces
  3630 | D        | Identified the +2 hat of Parlour Games {rC- Dex+4 SInv} (You bought it in a shop in the Dungeon)
  3632 | D        | Bought a pair of fine gloves for 332 gold pieces
  3632 | D        | Identified the +2 pair of gloves of Grace {-Cast rPois+ rN+ Str+2} (You bought it in a shop in the Dungeon)
  3635 | D        | Bought 3 scrolls of identify for 150 gold pieces
  3646 | D        | Bought a wand of invisibility (5) for 180 gold pieces
  3660 | D        | Bought a fine glass ring for 45 gold pieces
  3660 | D        | Identified the ring "Bilaijem" {Fire Contam MR+ Str+4} (You bought it in a shop in the Dungeon)
  3674 | D        | Round 22.
  3759 | D        | Noticed a pearl dragon
  3771 | D        | Noticed a pearl dragon
  3779 | D        | Killed a pearl dragon
  3782 | D        | Killed a pearl dragon
  3782 | D        | Reached skill level 27 in Armour
  3782 | D        | Reached skill level 10 in Dodging
  3814 | D        | Noticed a pearl dragon
  3825 | D        | Killed a pearl dragon
  3825 | D        | Arena points: 62425 (+10098) [x27]
  3843 | D        | Bought a quad damage for 400 gold pieces
  3864 | D        | Round 23.
  3871 | D        | Reached skill level 15 in Dodging
  4008 | D        | Arena points: 75305 (+12880) [x28]
  4048 | D        | Round 24.
  4134 | D        | Gained mutation: You passively map a large area around you. [level up]
  4134 | D        | Reached XP level 18. HP: 158/162 MP: 1/1
  4250 | D        | Arena points: 87833 (+12528) [x29]
  4259 | D        | Bought 5 potions of haste for 350 gold pieces
  4259 | D        | Bought 4 potions of haste for 280 gold pieces
  4260 | D        | Bought 6 potions of resistance for 420 gold pieces
  4260 | D        | Bought 6 potions of might for 168 gold pieces
  4260 | D        | Bought 6 potions of agility for 168 gold pieces
  4267 | D        | Bought 3 potions of experience for 900 gold pieces
  4268 | D        | Bought 4 potions of curing for 84 gold pieces
  4268 | D        | Bought 4 potions of curing for 84 gold pieces
  4268 | D        | Bought 3 potions of heal wounds for 105 gold pieces
  4268 | D        | Bought 3 potions of heal wounds for 105 gold pieces
  4268 | D        | Bought 3 potions of heal wounds for 105 gold pieces
  4268 | D        | Reached XP level 19. HP: 153/168 MP: 0/0
  4269 | D        | Reached XP level 20. HP: 159/176 MP: 1/1
  4270 | D        | Reached XP level 21. HP: 164/183 MP: 2/2
  4270 | D        | Round 25.
  4374 | D        | Noticed Dissolution
  4379 | D        | Paralysed by a giant eyeball for 4 turns
  4386 | D        | Paralysed by a giant eyeball for 3 turns
  4393 | D        | Paralysed by a giant eyeball for 2 turns
  4397 | D        | Arena points: 88133 (+300) [x1]
  4445 | D        | Got a slimy rune of Zot
  4494 | D        | Bought 3 potions of experience for 900 gold pieces
  4494 | D        | Reached skill level 15 in Invocations
  4494 | D        | Reached XP level 22. HP: 180/192 MP: 2/2
  4495 | D        | Reached XP level 23. HP: 185/198 MP: 3/3
  4496 | D        | Reached XP level 24. HP: 191/206 MP: 3/3
  4498 | D        | Bought 3 potions of heal wounds for 105 gold pieces
  4507 | D        | Bought 5 potions of berserk rage for 175 gold pieces
  4583 | D        | Round 26.
  4597 | D        | Reached skill level 27 in Shields
  4662 | D        | Arena points: 89121 (+988) [x2]
  4680 | D        | Bought a quad damage for 400 gold pieces
  4684 | D        | Round 27.
  4726 | D        | Reached skill level 27 in Dodging
  4781 | D        | Noticed an ancient lich
  4792 | D        | Killed an ancient lich
  4800 | D        | Noticed Tiamat
  4845 | D        | Killed Tiamat
  4860 | D        | Noticed an orb of fire
  4864 | D        | Gained mutation: You are frail (-10% HP). [an orb of fire]
  4878 | D        | Killed an orb of fire
  4889 | D        | Noticed an ancient lich
  4891 | D        | Noticed an orb of fire
  4894 | D        | Gained mutation: You tend to lose your temper in combat. [an orb of fire]
  4897 | D        | Gained mutation: You often lose your temper in combat. [an orb of fire]
  4900 | D        | Gained mutation: You have an uncontrollable temper. [an orb of fire]
  4904 | D        | Killed an orb of fire
  4906 | D        | Killed an ancient lich
  4906 | D        | Arena points: 90417 (+1296) [x3]
  4935 | D        | Bought 5 potions of haste for 350 gold pieces
  4952 | D        | Bought 3 scrolls of silence for 225 gold pieces
  4952 | D        | Bought 4 scrolls of blinking for 300 gold pieces
  4964 | D        | Bought 3 scrolls of recharging for 285 gold pieces
  5090 | D        | Round 28.
  5190 | D        | Got the Orb of Zot
  5203 | D        | Reached XP level 25. HP: 238/238 MP: 3/3
  5209 | D        | Arena points: 104529 (+14112) [x28]
  5264 | D        | Round 29.
  5271 | D        | Bought 3 potions of cure mutation for 735 gold pieces
  5271 | D        | Lost mutation: You are frail (-10% HP). [potion of cure mutation]
  5271 | D        | Lost mutation: You have an uncontrollable temper. [potion of cure mutation]
  5271 | D        | Lost mutation: You often lose your temper in combat. [potion of cure mutation]
  5419 | D        | Reached skill level 27 in Fighting
  5433 | D        | Noticed Plar the pandemonium lord
  5441 | D        | Killed Plar the pandemonium lord
  5455 | D        | Arena points: 115491 (+10962) [x27]
  5465 | D        | Round 30.
  5466 | D        | Bought 3 scrolls of recharging for 285 gold pieces
  5474 | D        | Noticed Mnoleg
  5512 | D        | Killed Mnoleg
  5512 | D        | Arena points: 129411 (+13920) [x29]
  5513 | D        | Got a glowing rune of Zot
  5514 | D        | Reached XP level 26. HP: 267/290 MP: 2/2
  5521 | D        | Lost mutation: You tend to lose your temper in combat. [potion of cure mutation]
  5531 | D        | Escaped with the Orb!

Action                   |  1- 3 |  4- 6 |  7- 9 | 10-12 | 13-15 | 16-18 | 19-21 | 22-24 | 25-27 || total
-------------------------+-------+-------+-------+-------+-------+-------+-------+-------+-------++-------
Melee: Broad axe         |    11 |     9 |     2 |    41 |   116 |   202 |    28 |   163 |   140 ||   712
Throw: Javelin           |       |       |       |     6 |       |       |       |       |       ||     6
Invok: Major Destruction |       |       |       |       |    27 |    17 |     1 |     6 |     1 ||    52
       Greater Servant o |       |       |       |       |     2 |     4 |     2 |     6 |     1 ||    15
 Abil: Device Recharging |     1 |     3 |     3 |    15 |     8 |    10 |       |     1 |     1 ||    42
Evoke: Wand              |     4 |    12 |    21 |   113 |    66 |    46 |     6 |     4 |    21 ||   293
       Rod               |       |       |       |     5 |    13 |    18 |     9 |    12 |     6 ||    63
       Quad damage       |       |       |       |       |       |     1 |       |     1 |     1 ||     3
  Use: Potion            |       |       |     2 |     2 |     1 |     3 |     4 |    17 |    15 ||    44
       Scroll            |       |       |       |    25 |     7 |    13 |     1 |     2 |     3 ||    51
 Stab: Distracted        |       |       |       |       |     1 |     2 |       |     5 |     1 ||     9
  Eat: Chunk             |       |       |       |     5 |    18 |    10 |       |     4 |       ||    37
